 Dungeon Crawl Stone Soup version 0.31.0-32-g396128a36d (webtiles) character file.

Game seed: 10075293585927586897

4449 Cheops the Grappler (level 10, -1/58 HPs)
             Began as an Octopode Shapeshifter on Mar 10, 2024.
             Was a Follower of Wu Jian.
             Slain by a vampire (14 damage)
             ... on level 8 of the Dungeon.
             The game lasted 00:19:35 (9526 turns).

Cheops the Grappler (Octopode Shapeshifter)         Turns: 9526, Time: 00:19:36

Health: -1/58      AC:  1    Str: 18    XL:     10   Next: 37%
Magic:  11/11      EV: 18    Int: 19    God:    Wu Jian [*.....]
Gold:   386        SH:  0    Dex: 11    Spells: 8/10 levels left

rFire   + +          .
                       - Unarmed
rCold   . . .        (shield currently unavailable)
rNeg    . . .        (helmet restricted)
rPois   .            (no amulet)
rElec   .            f - ring of protection from fire
rCorr   .            g - +6 ring of intelligence
SInv    .            l - ring of flight
Will    .....        e - ring of protection from fire
Stlth   +            (no ring)
HPRegen 0.29/turn    (no ring)
MPRegen 0.12/turn    (no ring)
                     (no ring)

%: no passive effects
@: flux-form, weak-willed, flying, hasted, glowing, very quick
A: glow, contaminating, almost no armour, amphibious, 8 rings, camouflage 1,
gelatinous body 1, (nimble swimmer 1), tentacles
a: Begin Untransformation, Renounce Religion


You were on level 8 of the Dungeon.
You worshipped Wu Jian.
Wu Jian was aware of your devotion.
You were something dangerously unstable.
You visited 2 branches of the dungeon, and saw 10 of its levels.

You collected 386 gold pieces.

Inventory:

Missiles
 k - 2 throwing nets (quivered)
Jewellery
 e - a ring of protection from fire (on tentacle)
 f - a ring of protection from fire (left tentacle)
 g - a +6 ring of intelligence (right tentacle)
 l - a ring of flight (on tentacle)
 o - a ring of ice
Talismans
 b - a beast talisman
 c - a flux talisman (active)
Scrolls
 d - 3 scrolls of teleportation
 h - a scroll of vulnerability
 i - 2 scrolls of immolation
 m - 2 scrolls of enchant armour
 p - a scroll of fear
 t - a scroll of amnesia {unknown}
Potions
 a - 2 potions of lignification
 j - a potion of haste
 s - a potion of cancellation


   Skills:
 - Level 1.0 Fighting
 + Level 4.2 Dodging
 - Level 10.3 Unarmed Combat
 * Level 0.8 Spellcasting
 * Level 1.0 Translocations
 - Level 10.0 Shapeshifting


You had 8 spell levels left.
You knew the following spells:

 Your Spells              Type           Power      Damage    Failure   Level
b - Blink                 Tloc           8%         N/A       19%         2

Your spell library contained the following spells:

 Spells                   Type           Power      Damage    Failure   Level
 Kiss of Death            Conj/Necr      0%         2d5       19%         1
 Lesser Beckoning         Tloc           8%         N/A       19%         2
 Momentum Strike          Conj/Tloc      4%         3d8       24%         2
 Sublimation of Blood     Necr           0%         N/A       28%         2
 Gell's Gravitas          Tloc           4%         N/A       36%         3
 Teleport Other           Tloc           4%         N/A       36%         3
 Confusing Touch          Hex            0%         N/A       50%         3
 Dispel Undead            Necr           0%         3d6       88%         4
 Ignite Poison            Fire/Alch      0%         N/A       88%         4
 Petrify                  Alch/Erth      0%         N/A       88%         4
 Sticky Flame             Fire/Alch      0%         2d4       88%         4
 Irradiate                Conj/Alch      0%         3d11      99%         5
 Ignition                 Fire           0%         3d3       100%        8


Dungeon Overview and Level Annotations

Branches:
Dungeon (9/15)             Temple (1/1) D:6
   Lair: D:8-11         Orc: D:9-12

Altars:
Ashenzari
Cheibriados
Dithmenos
Elyvilon
Fedhas
Hepliaklqana
Makhleb
Okawaru
Ru
Sif Muna
Trog
Uskayaw
Wu Jian
Xom
Yredelemnul
Zin
The Shining One

Shops:
D:1 =   D:2 (   D:7 [

Annotations:
D:9 Harold


Innate Abilities, Weirdness & Mutations

You are something dangerously unstable.
You glow with magical radiation, making you easy to see and hit.
Foes you strike become dangerously contaminated with magical radiation.
You are incapable of wielding weapons or throwing items.
You cannot wear most types of armour.
You are amphibious.
You can wear up to eight rings at the same time.
Your skin changes colour to match your surroundings (Stealth+).
Your rubbery body absorbs attacks. (AC +1, EV +1)
((You are camouflaged when in or above water. (Stealth+)))
You have tentacles for arms and can constrict up to eight enemies at once.


Message History

An orc comes into view. It is wielding a +0 club.
The orc shouts!
You spin and attack the vampire.
You tentacle-slap the vampire but do no damage.
The vampire begins to glow.
Your grab misses the vampire.
You squeeze the vampire, but do no damage.
There is a stone staircase leading up here.
The vampire hits you.
* * * LOW HITPOINT WARNING * * *
The vampire bites you.
* * * LOW HITPOINT WARNING * * *
The vampire draws strength from your injuries!
You fly upwards.
Reactivating autopickup.
There is a stone staircase leading down here.
Unknown command.
Unknown command.
Unknown command.
Unknown command.
You feel better. The vampire completely misses you. The vampire bites you!
* * * LOW HITPOINT WARNING * * *
The vampire draws strength from your injuries!
Unknown command.
Unknown command.
Unknown command.
You feel better.
Unknown command.
Unknown command.
Unknown command.
Unknown command.
As you read the scroll labelled WOETZU MUELURI, it crumbles to dust.
A wave of despondency washes over your surroundings.
It was a scroll of vulnerability.
The vampire casts a spell.
The vampire flickers and vanishes for a moment.
Okay, then.
Unknown command.
As you read the scroll labelled CAFFUH SERUYZ, it dissolves into smoke.
It was a scroll of fog.
The vampire hits you!
You die...

#.......# #.......# #.......#
#......(########
#.......######...............
#....................########
#.......######.......# #.......#
##....##### ######### #§§##.#
############ #§###.############
#..........# #pV§...[..........
#.########.# #§###..####.######
#.# #.# #§# #..#..#.###### #.#
#.# #.###..#..#.##.... #.# #.#
#......#..#.##.### #.########.#
######.#.....#.# #........#.#
#.##.#..#.###
#########.#.#########).z.#.......
<..# #.#.##......)#####..#.##.


You could see a vampire (invisible, contam, weak-willed).

Vanquished Creatures
  Pikel (D:4)
  2 hornets (D:8)
  Sigmund (D:2)
  6 yaks
  2 ice beasts
  3 sky beasts (D:7)
  3 black bears
  2 ogres
  2 centaurs
  A kobold brigand (D:7)
  A bullfrog (D:7)
  4 scorpions
  A gnoll sergeant (D:6)
  4 wights (D:8)
  A howler monkey (D:6)
  3 hounds
  An orc priest (D:9)
  A gnoll bouda (D:6)
  3 jellies
  3 sleepcaps
  Jessica (D:3)
  3 iguanas
  5 orc wizards
  11 gnolls
  5 adders
  A shadow imp (D:6)
  2 white imps
  4 ufetubi
  6 ribbon worms
  A dart slug (D:2)
  25 orcs
  6 endoplasms
  4 giant cockroaches
  6 goblins
  7 hobgoblins
  3 jackals (D:2)
  5 quokkas
  12 ball pythons
  3 bats
  3 frilled lizards
  11 kobolds
  A rat (D:1)
  A spectral orc (D:3)
171 creatures vanquished.

Vanquished Creatures (others)
  A kobold brigand (D:6)
  A scorpion (D:6)
  An orc priest (D:6)
  A hound (D:6)
  An orc (D:6)
5 creatures vanquished.

Grand Total: 176 creatures vanquished

Notes
Turn   | Place    | Note
-------+----------+-------------------------------------------
     0 | D:1      | Cheops the Octopode Shapeshifter began the quest for the
                  | Orb.
     0 | D:1      | Reached XP level 1. HP: 13/13 MP: 1/1
    53 | D:1      | Found a faded altar of an unknown god.
   120 | D:1      | Found Imiyjet's Jewellery Shop.
   124 | D:1      | Reached XP level 2. HP: 15/18 MP: 2/2
   537 | D:2      | Noticed Sigmund
   623 | D:2      | Reached XP level 3. HP: 23/23 MP: 3/3
   666 | D:2      | Found Gonaatze's Weapon Shop.
  1093 | D:2      | Reached XP level 4. HP: 28/28 MP: 4/4
  1442 | D:3      | Reached skill level 5 in Shapeshifting
  1640 | D:3      | Reached XP level 5. HP: 27/33 MP: 5/5
  1911 | D:3      | Noticed Jessica
  1921 | D:3      | Killed Jessica
  2105 | D:3      | Found a hazy altar of Hepliaklqana.
  2368 | D:2      | Killed Sigmund
  2369 | D:2      | Reached XP level 6. HP: 38/38 MP: 6/6
  2530 | D:4      | Found a hide-covered altar of Uskayaw.
  2567 | D:4      | Reached XP level 7. HP: 31/43 MP: 7/7
  2758 | D:4      | Noticed Pikel
  2780 | D:4      | Killed Pikel
  2781 | D:4      | Reached XP level 8. HP: 30/48 MP: 8/8
  3712 | D:5      | Entered Level 5 of the Dungeon
  4684 | D:5      | Found a bloodstained altar of Trog.
  5150 | D:6      | Reached skill level 10 in Shapeshifting
  5368 | D:6      | Found a staircase to the Ecumenical Temple.
  5398 | Temple   | Entered the Ecumenical Temple
  5419 | Temple   | Became a worshipper of the Wu Jian Council
  5632 | D:6      | Reached skill level 5 in Unarmed Combat
  5632 | D:6      | Reached XP level 9. HP: 17/53 MP: 9/9
  6124 | D:6      | Found a shimmering altar of Xom.
  6481 | D:6      | Reached * piety under Wu Jian
  7134 | D:7      | Identified the +8 shortbow of Courage {elec, rPois rF+
                  | Will+++ Stlth+}
  7350 | D:7      | Found Webb's Armour Shop.
  7830 | D:8      | Noticed a hornet
  7853 | D:8      | Killed a hornet
  7968 | D:8      | Reached XP level 10. HP: 32/58 MP: 10/10
  8064 | D:7      | Reached skill level 10 in Unarmed Combat
  9059 | D:8      | Found a sacrificial altar of Ru.
  9166 | D:8      | Learned a level 2 spell: Blink
  9487 | D:9      | Noticed Harold
  9507 | D:9      | Reached skill level 1 in Translocations
  9526 | D:8      | Slain by a vampire

Illustrated notes

Levels and vault maps discovered:
D:1:      dpeg_arrival_rooms_with_view, layout_basic,
          ebering_ecumenical_altar_box, serial_shops, shop, lemuel_flame_loot_1
D:2:      cheibrodos_helix_gallery, layout_loops_ring, serial_shops,
          nicolae_shop_bloodbath_and_beyond, minmay_misc_feat_more_columns,
          kennysheep_generic_room_6, uniq_sigmund
D:3:      layout_loops_corners, nicolae_hepliaklqana_monster_ancestors,
          nrook_loot_triangle, st_stairs_8, uniq_jessica
D:4:      layout_layer_cave, mainiacjoe_overflow_concentric_impassable,
          minmay_diced_spiral, uniq_pikel
D:5:      layout_layer_cave, mainiacjoe_overflow_alcove_2
D:6:      layout_basic, xom_confusion_cloud, minmay_temple_entry_overgrown,
          nrook_campfire, minmay_liquid_box
D:7:      layout_loops_cross, serial_shops, shop
D:8:      layout_basic, nicolae_ru_awakened_eye
D:9:      layout_basic, grunt_temple_overflow_open, vehumet_altar_wand_db,
          uniq_harold
Temple:   minmay_temple_bridge_abc

Skill      XL: |  1  2  3  4  5  6  7  8  9 10 |
---------------+-------------------------------+-----
Shapeshifting  | 4 5 6 7 8 10 | 10.0
Unarmed Combat | 5 9 10 | 10.3
Dodging        | 4 |  4.2
Translocations | 1 |  1.0
Fighting       | |  1.0
Spellcasting   | |  0.8

Action                     |  1- 3 |  4- 6 |  7- 9 | 10-12 || total
---------------------------+-------+-------+-------+-------++-------
  Melee: Unarmed           |    72 |    54 |   264 |    65 ||   455
         Constrict         |    20 |    15 |    66 |    11 ||   112
         Tentacles         |    15 |    22 |    64 |    16 ||   117
         Punch             |     3 |     3 |       |       ||     6
Ability: Begin Untransform |       |     1 |     1 |       ||     2
         Lunge             |       |       |    20 |     4 ||    24
         Whirlwind         |       |       |       |     4 ||     4
    Use: Scroll            |       |     1 |     5 |     4 ||    10
         Potion            |       |       |     2 |     3 ||     5
   Stab: Sleeping          |     7 |     3 |     2 |       ||    12
 Armour: Skin              |    26 |    20 |   102 |    26 ||   174
  Dodge: Dodged            |    47 |    28 |   147 |    34 ||   256
   Form: Beast             |       |     1 |       |       ||     1
         Flux              |       |       |     1 |       ||     1
